Map: Gresvan LE

Players

turdburglar - Winner!

  • Race: Terran Terran
  • League: Platinum
  • Spawn Location: 11:00

ahahahahahah

  • Race: Terran Terran
  • League: Platinum
  • Spawn Location: 5:00

VOD

Have the link to the VOD?

Description

budget battles

Time

  • Played on: Feb. 7, 2023, 7:09 p.m.
  • Length: 13:54
Show
View Real Time Build Order
Export as new Build Order

turdburglar Terran - Winner!

Build Orders:  

Get SALT Encoding   

  12  0:00  SCV  
  13  0:12  SCV  
  14  0:18  Supply Depot  
  14  0:24  SCV  
  15  0:40  Barracks  
  15  0:46  Refinery  
  15  0:57  Barracks  
  15  1:00  SCV  
  16  1:12  SCV  
  16  1:14  Refinery  
  17  1:24  SCV  
  18  1:28  Reaper  
  19  1:36  Barracks  
  19  1:44  Reaper  
  20  1:48  SCV  
  21  1:58  Supply Depot  
  21  2:05  Reaper  
  21  2:07  SCV  
  24  2:23  Orbital Command  
  23  2:38  Reaper x2  
  23  2:39  Reaper  
  26  3:10  Reaper  
  26  3:11  Reaper  
  27  3:14  Reaper  
  28  3:21  Factory  
  26  3:51  Command Center  
  24  4:30  Factory Tech Lab  
  15  5:02  Cyclone  
  10  5:23  Barracks Reactor  
  10  5:24  Barracks Tech Lab  
  9  5:30  SCV  
  9  5:32  Barracks Tech Lab  
  10  5:47  Orbital Command  
  10  5:55  SCV  
  11  5:57  Supply Depot  
  11  6:11  SCV  
  11  6:13  Orbital Command  
  11  6:15  Cyclone  
  15  6:19  Marine x2  
  15  6:21  Stimpack  
  17  6:28  SCV  
  17  6:32  Marine x2  
  20  6:57  Marine x2  
  20  6:58  Marine  
  19  7:03  SCV  
  20  7:11  Marine  
  20  7:15  SCV  
  22  7:27  SCV  
  22  7:40  SCV  
  22  7:41  Marine x3  
  22  7:42  Marine  
  22  7:43  Siege Tank  
  27  7:52  SCV  
  28  8:04  Marine x2  
  28  8:05  Marine  
  31  8:20  Orbital Command  
  28  8:36  Marine x4  
  28  8:37  Siege Tank  
  33  8:43  SCV  
  33  8:46  SCV  
  35  8:55  SCV  
  35  8:58  SCV  
  25  9:18  SCV  
  25  9:19  SCV  
  26  9:31  Marine x3  
  23  9:43  Marine  
  24  9:48  Marine  
  25  9:55  Orbital Command  
  25  9:58  Marine x2  
  27  10:01  Marine  
  27  10:04  SCV  
  29  10:12  Marine  
  30  10:16  Marine x2, SCV  
  30  10:19  Marine  
  34  10:30  Marine  
  34  10:33  Marine  
  36  10:52  Marine x4  
  39  11:10  Marine x2  
  39  11:22  Marine x2  
  40  11:26  SCV x2  
  40  11:29  Marine x2  
  43  11:38  SCV  
  43  11:40  Marine  
  43  11:44  Refinery  
  44  12:02  Marine  
  44  12:03  Marine x3  
  44  12:05  SCV x2  
  50  12:11  Refinery  
  50  12:14  Factory  
  50  12:20  Marine  
  51  12:32  Marine x2  
  53  12:50  Marine  
  54  12:57  Supply Depot  
  54  13:18  Marine x4, SCV x2  
  60  13:25  Starport  
  60  13:28  Supply Depot  
  60  13:30  SCV x2  
Show
View Real Time Build Order
Export as new Build Order

ahahahahahah Terran 

Build Orders: 1/1/1, Gas First Reaper Expand, Liberator Opening 

Get SALT Encoding   

  12  0:00  SCV  
  13  0:12  SCV  
  14  0:18  Supply Depot  
  14  0:25  SCV  
  15  0:35  Refinery  
  15  0:41  Barracks  
  15  0:44  SCV  
  16  0:55  Refinery  
  16  0:57  SCV  
  17  1:09  SCV  
  18  1:22  SCV  
  19  1:32  Factory  
  19  1:35  Orbital Command  
  19  1:39  Reaper  
  20  1:57  Supply Depot  
  21  2:01  SCV  
  21  2:12  Barracks Tech Lab  
  21  2:13  SCV  
  22  2:16  Factory Tech Lab  
  22  2:20  Starport  
  21  2:34  Marauder  
  21  2:45  Siege Tank  
  25  2:51  SCV  
  19  3:06  Liberator  
  22  3:18  Concussive Shells  
  19  3:45  SCV  
  23  3:56  Viking  
  23  3:59  Marauder  
  24  4:04  SCV  
  18  4:41  Siege Tank  
  13  5:03  SCV  
  12  5:15  SCV  
  10  6:08  SCV  
  11  6:20  SCV  
  11  6:25  Liberator  
  12  6:32  SCV  
  16  6:36  Cyclone  
  12  7:18  Medivac  
  14  7:29  SCV  
  15  7:34  Siege Tank  
  18  7:47  SCV  
  19  7:59  SCV  
  20  8:16  SCV  
  21  8:28  SCV  
  22  8:40  SCV  
  17  9:18  SCV  
  18  9:26  Command Center  
  18  9:30  SCV  
  19  9:56  Barracks  
  19  9:57  Barracks  
  19  9:59  SCV  
  20  10:12  SCV  
  21  10:24  SCV  
  21  10:27  Siege Tank  
  25  10:36  SCV  
  3  11:45  Orbital Command  
  3  12:35  SCV  
  4  12:47  SCV  
  5  12:59  SCV  
  6  13:12  SCV  
  7  13:20  Engineering Bay  
  7  13:24  SCV  
  8  13:36  SCV  
Tags
 
Add a new tag
Caveats
  • Supply blocks, unpowered buildings, or Contaminate may cause inaccurate times.
  • Supply counts are checked every 10 seconds.